 Dungeon Crawl Stone Soup version 0.32-a0-799-g95e1662365 (webtiles) character file.

Game seed: 12850543089837034036

67 ezpacito the Trooper (level 4, -1/35 HPs)
             Began as a Coglin Chaos Knight on Mar 21, 2024.
             Was a Plaything of Xom.
             Succumbed to a goblin's poison
             ... on level 2 of the Dungeon.
             The game lasted 00:01:06 (1073 turns).

ezpacito the Trooper (Coglin Chaos Knight)          Turns: 1073, Time: 00:01:06

Health: -1/35      AC:  6    Str: 14    XL:     4   Next: 18%
Magic:  4/4        EV: 10    Int: 12    God:    Xom [......]
Gold:   94         SH:  0    Dex: 13    Spells: 3/3 levels left

rFire   . . .        a - +0 hand axe (chaos) {Eiko}
rCold   . . .        d - +0 dagger {María}
rNeg    . . .        b - +2 leather armour
rPois   .            (helmet restricted)
rElec   .            (no cloak)
rCorr   .            j - +0 pair of gloves
SInv    .            (no boots)
Will    +....        (amulet unavailable)
Stlth   +            (ring unavailable)
HPRegen 0.25/turn    (ring unavailable)
MPRegen 0.09/turn    (no gizmo)

%: no passive effects
@: lethally poisoned (-1 -> -7), enlightened, flying, revved
A: off-hand wielding, slow wielding, warmup strikes, no jewellery, horns 1
a: Invent Gizmo, Renounce Religion


You were on level 2 of the Dungeon.
You worshipped Xom.
You were a very special plaything of Xom.
You visited 1 branch of the dungeon, and saw 2 of its levels.

You collected 94 gold pieces.

Inventory:

Hand Weapons
 a - a +0 hand axe of chaos (weapon) {Eiko}
 d - a +0 dagger (offhand) {María}
Armour
 b - a +2 leather armour (worn)
 h - a +2 helmet
 j - a +0 pair of gloves (worn)
Magical Staves
 f - a staff of earth
Scrolls
 c - a scroll of butterflies
 e - 2 scrolls of silence {unknown}
 g - a scroll of fear {unknown}
 k - a scroll of revelation {unknown}


   Skills:
 * Level 3.4 Fighting
 * Level 3.2(3.3) Axes
 + Level 0.8(2.0) Polearms
 * Level 2.2 Armour
 * Level 1.7 Dodging
 + Level 0.7 Stealth
 + Level 0.4 Spellcasting


You had 3 spell levels left.
You didn't know any spells.
Your spell library contained the following spells:

 Spells                   Type           Power      Damage    Failure   Level
 Call Canine Familiar     Summ           0%         N/A       75%         3
 Sigil of Binding         Hex            0%         N/A       75%         3
 Dimensional Bullseye     Hex/Tloc       0%         N/A       98%         4


Dungeon Overview and Level Annotations

Branches:
Dungeon (2/15)

Altars:


Innate Abilities, Weirdness & Mutations

You can wield a second weapon in your off-hand.
It takes a long time for you to wield or remove held weapons.
Your first few attacks do less damage.
You cannot equip rings or amulets.
You have a pair of small horns on your head.


Message History

The kobold attacks as it pursues you! The kobold hits you but does no damage.
The goblin hits you with a +2 dagger of venom.
You are lethally poisoned!
You take 9 damage, and have 13/35 hp.
MASSIVE DAMAGE!!
It was a potion of enlightenment.
You feel very buoyant.
You fly up into the air.
* * * LOW HITPOINT WARNING * * *
You feel very sick. The goblin misses you.
You take 4 damage, and have 9/35 hp.
You closely miss the goblin with your +0 hand axe of chaos.
The goblin is severely wounded.
You closely miss the kobold with your +0 hand axe of chaos.
You hit the goblin but do no damage.
* * * LOW HITPOINT WARNING * * *
You feel very sick. The kobold closely misses you.
The goblin closely misses you.
The kobold splashes around in the water.
You take 4 damage, and have 5/35 hp.
You hit the goblin with your +0 dagger.
You kill the goblin!
You barely miss the kobold with your +0 hand axe of chaos.
* * * LOW HITPOINT WARNING * * *
You feel very sick. The kobold hits you but does no damage.
You take 2 damage, and have 3/35 hp.
* * * LOW HITPOINT WARNING * * *
You feel sick. The kobold barely misses you.
You see here a +2 dagger of venom.
You take 2 damage, and have 1/35 hp.
You hit the kobold with your +0 hand axe of chaos.
The kobold suddenly seems more resistant.
Xom thinks this is hilarious!
The kobold is moderately wounded.
You hit the kobold with your +0 dagger.
You kill the kobold!
You hear a splash.
You die...
Xom chortles!

..##♣~P~~≈≈~.~~~♣♣ ♣ .##
.~~~≈≈≈~.~~~~♣ ♣ ### ###
♣~~≈≈≈~.~~P~♣♣ ♣ #.. # ..
~♣♣♣≈≈).P~~~~♣ ~♣###.# ####.#.
♣~~~.~≈≈≈~♣ ♣...#.# #....#.###
♣♣~†.~≈≈~≈P ......####.#......#
♣≈≈.~≈≈≈~P ..................#
♣♣~≈.≈≈≈~~P
......###..♣♣~~♣@.#~♣♣♣~~~.~≈~~~~
..........♣~~P~~)♣♣~~~~~P~.~≈~~~P
#...#####♣~~~~~~~~~≈≈~~~~~.~P~~P♣
........~~~~~~~~~~~≈≈≈~~~~.~~~~♣#
......................(...†.~P~#
........~~~~P~~~P~P~~≈~PP~..♣~##
........~~~~~~~♣♣♣♣~~~P♣♣...###
.........~~~~PP♣♣#♣♣♣♣♣♣...##
.........#♣~♣~~.##..~♣♣.####


There were no monsters in sight!

Vanquished Creatures
  2 adders (D:2)
  2 ball pythons
  3 bats
  6 endoplasms
  4 goblins
  3 hobgoblins
  6 jackals
  3 quokkas
  4 frilled lizards
  6 kobolds
  6 rats
45 creatures vanquished.

Notes
Turn   | Place    | Note
-------+----------+-------------------------------------------
     0 | D:1      | ezpacito the Coglin Chaos Knight began the quest for the
                  | Orb.
     0 | D:1      | Reached XP level 1. HP: 18/18 MP: 1/1
    93 | D:1      | Reached skill level 1 in Dodging
   109 | D:1      | Reached XP level 2. HP: 24/24 MP: 2/2
   343 | D:1      | XOM: silly message
   546 | D:1      | XOM: give mutation
   546 | D:1      | Gained mutation: You have a pair of small horns on your
                  | head. [Xom's mischief]
   817 | D:2      | XOM: 2-stop teleportation journey
   824 | D:2      | Reached XP level 3. HP: 29/29 MP: 3/3
   935 | D:2      | XOM: 8-stop teleportation journey
   940 | D:2      | Reached XP level 4. HP: 35/35 MP: 4/4
  1072 | D:2      | HP: 1/35 [poisoned by a goblin]
  1073 | D:2      | Succumbed to a goblin's poison

Illustrated notes

Levels and vault maps discovered:
D:1:      scummos_arrival_simple_fountains, layout_basic
D:2:      layout_rooms, serial_bayou, serial_bayou_pond_d, serial_bayou_lake_a,
          serial_bayou_pond_b, serial_bayou_lagoon_b, serial_bayou_pond_b,
          dreamdust_ecumenical_altar_statues

Skill      XL: |  1  2 |
---------------+-------+-----
Dodging        | 1 |  1.7
Armour         | 2 |  2.2
Fighting       | |  3.4
Axes           | |  3.2
Polearms       | |  0.8
Stealth        | |  0.7
Spellcasting   | |  0.4

Action                     |  1- 3 |  4- 6 || total
---------------------------+-------+-------++-------
  Melee: Hand axe          |    74 |    14 ||    88
         Dagger            |    69 |    13 ||    82
         Headbutt          |       |     1 ||     1
    Use: Potion            |       |     1 ||     1
 Armour: Leather armour    |    51 |    10 ||    61
  Dodge: Dodged            |    61 |    12 ||    73

Table legend: (Time is in decaauts)
 A = Elapsed time spent in this place.
 B = Non-inter-level travel time spent in this place.
 C = Inter-level travel time spent in this place.
 D = Time resting spent in this place.
 E = Time spent auto-exploring this place.
 F = Levels seen in this place.
 G = Mean time per level.
                   A        B        C        D        E       F      G
               +--------+--------+--------+--------+--------+-----+--------+
         Total |   1090 |   1071 |     19 |      0 |    840 |   2 |  545.0 |
       Dungeon |   1090 |   1071 |     19 |      0 |    840 |   2 |  545.0 |
               +--------+--------+--------+--------+--------+-----+--------+

Top non-repeatable levels by time:
     D:1: 816 daAuts
     D:2: 274 daAuts
